 Dungeon Crawl Stone Soup version 0.22.1-1-ga44c0e5 (webtiles) character file.

3791 Garbasso the Cleaver (level 9, 26/85 HPs)
             Began as a Deep Dwarf Fighter on Oct 8, 2018.
             Was a Follower of Makhleb.
             Quit the game on level 8 of the Dungeon.
             The game lasted 00:27:23 (6267 turns).

Garbasso the Cleaver (Deep Dwarf Fighter)           Turns: 6267, Time: 00:27:23

Health: 26/85      AC: 13    Str: 22    XL:     9   Next: 95%
Magic:  2/2        EV:  4    Int: 10    God:    Makhleb [*.....]
Gold:   26         SH: 16    Dex: 12    Spells: 8/8 levels left

rFire    . . .     SeeInvis .   a - +0 war axe
rCold    . . .     Gourm    +   B - +0 large shield
rNeg     . . .     Faith    .   l - +0 chain mail
rPois    .         Spirit   .   o - +2 helmet
rElec    .         Reflect  .   (no cloak)
rCorr    .         Harm     .   q - +0 pair of gloves
MR       +....                  (no boots)
Stlth    ..........             w - amulet of the gourmand
HPRegen  0.00/turn              b - ring of stealth
MPRegen  0.08/turn              (no ring)

@: non-regenerating
A: damage resistance, heal wounds, sense surroundings 2, no regeneration
a: Heal Wounds, Renounce Religion


You were on level 8 of the Dungeon.
You worshipped Makhleb.
Makhleb was aware of your devotion.
You were completely stuffed.

You visited 2 branches of the dungeon, and saw 9 of its levels.

You collected 26 gold pieces.

Inventory:

Hand Weapons
 a - a +0 war axe (weapon)
Missiles
 x - 20 sling bullets
 A - a throwing net (quivered)
Armour
 l - a +0 chain mail (worn)
 o - a +2 helmet (worn)
 q - a +0 pair of gloves (worn)
 y - the +1 ring mail "Tyfamp" {rF+ Int+5}
   (You found it on level 4 of the Dungeon)

   It affects your intelligence (+5).
   It protects you from fire.
 B - a +0 large shield (worn)
Jewellery
 b - a ring of stealth (left hand)
 r - an uncursed ring of ice
 w - an amulet of the gourmand (around neck)
Wands
 C - a wand of flame (52)
 D - a wand of disintegration (12)
 E - a wand of random effects (38)
 I - a wand of paralysis (11)
Scrolls
 c - 3 scrolls of random uselessness {unknown}
 g - 4 scrolls of identify
 i - 5 scrolls of remove curse
 j - 3 scrolls of teleportation
 m - 3 scrolls of amnesia {unknown}
 t - 2 scrolls of enchant weapon {unknown}
 u - 2 scrolls of enchant armour {unknown}
 v - 2 scrolls of immolation {unknown}
Potions
 d - 4 potions of might
 e - a potion of resistance
 h - 2 potions of heal wounds
 k - a potion of invisibility
 n - 4 potions of lignification
 p - a potion of degeneration {unknown}
 s - 2 potions of brilliance
 z - 3 potions of haste
 F - a potion of flight {unknown}
 G - a potion of agility {unknown}
Comestibles
 f - 18 rations


   Skills:
 + Level 6.9 Fighting
 * Level 11.0 Axes
 - Level 4.2 Armour
 + Level 7.0 Shields
 - Level 3.9 Invocations
 * Level 3.9 Evocations


You had 8 spell levels left.
You didn't know any spells.
Your spell library was empty.

Dungeon Overview and Level Annotations

Branches:
Dungeon (8/15)             Temple (1/1) D:7
   Lair: D:8-11

Altars:
Ashenzari
Cheibriados
Elyvilon
Gozag
Kikubaaqudgha
Makhleb
Nemelex Xobeh
Okawaru
Ru
Trog
Vehumet
Xom
Yredelemnul

Shops:
D:5 :

Annotations:
D:8 Maurice


Innate Abilities, Weirdness & Mutations

You are resistant to damage.
You can heal yourself by infusing magical energy.
You passively map the area around you.
You do not regenerate.


Message History

You swing at nothing.
You swing at nothing.
You swing at nothing.
Found a fluorescent wand.
There is an open door here.
Items here: †††† a killer bee corpse x4
E - a wand of random effects (38)
Found 20 poisoned needles.
There is a stone staircase leading down here.
You are no longer poisoned.
There is an open door here.
Items here: †††† a killer bee corpse x4
You open the door.
There is an open door here.
A worker ant comes into view.
The worker ant twitches its antennae in your direction.
Found 21 arrows.
Are you sure you want to abandon this character and quit the game? (Confirm

######.....'............# ###.
#######............########.
#.....................
#####....#............
######.####....... #.# #.......
#.# #....... * ############.#
#....... (a.....@.....#
##......
###############################
#..............................
#.#############################
#.# #.#####...............(((
#.# #.......#################
#.# #.####### #.#####.#
#.......#


You could see a worker ant.

Vanquished Creatures
  Prince Ribbit (D:7)
  Sigmund (D:2)
  A wraith (D:8)
  Duvessa (D:7)
  An orc warrior (D:6)
  A phantom (D:5)
  A necrophage (D:6)
  5 ogres
  A centaur (D:5)
  3 bullfrogs
  A gnoll sergeant (D:8)
  Dowan (D:7)
  2 scorpions
  12 killer bees
  7 wights (D:8)
  2 howler monkeys
  A crimson imp (D:5)
  A centaur zombie (D:6)
  6 hounds
  6 orc priests
  4 orc wizards
  Natasha (thrice) (D:2)
  Terence (D:3)
  3 worker ants
  2 hound skeletons (D:6)
  2 worker ant zombies
  Robin (D:2)
  12 adders
  11 gnolls
  3 adder skeletons
  An adder zombie (D:5)
  4 worms
  3 dart slugs
  7 leopard geckos
  29 orcs
  2 giant cockroaches
  15 goblins
  9 hobgoblins
  9 jackals
  4 quokkas
  5 ball pythons
  10 bats
  2 frilled lizards (D:2)
  A jackal skeleton (D:4)
  6 kobolds
  A leopard gecko skeleton (D:5)
  A quokka skeleton (D:7)
  A quokka zombie (D:5)
  6 rats
213 creatures vanquished.

Notes
Turn   | Place    | Note
-------+----------+-------------------------------------------
     0 | D:1      | Garbasso the Deep Dwarf Fighter began the quest for the
                  | Orb.
     0 | D:1      | Reached XP level 1. HP: 20/20 MP: 1/1
   216 | D:1      | Reached XP level 2. HP: 22/27 MP: 2/2
   328 | D:1      | Reached skill level 3 in Axes
   741 | D:2      | Noticed Robin
   741 | D:2      | Noticed Natasha
   743 | D:2      | Reached XP level 3. HP: 28/34 MP: 3/3
   765 | D:2      | Killed Natasha
   765 | D:2      | Reached skill level 4 in Axes
   765 | D:2      | Reached XP level 4. HP: 22/42 MP: 4/4
   770 | D:2      | Killed Robin
   914 | D:2      | Noticed Natasha
   921 | D:2      | Killed Natasha
  1027 | D:2      | Noticed Sigmund
  1045 | D:2      | Killed Sigmund
  1045 | D:2      | Reached skill level 5 in Axes
  1045 | D:2      | Reached XP level 5. HP: 10/50 MP: 4/4
  1094 | D:2      | Reached XP level 6. HP: 57/57 MP: 5/5
  1166 | D:2      | Reached skill level 6 in Axes
  1169 | D:2      | Noticed Natasha
  1178 | D:2      | Killed Natasha
  1680 | D:3      | Found an opulent altar of Gozag.
  1758 | D:3      | Found a faded altar of an unknown god.
  1806 | D:3      | Noticed Terence
  1818 | D:3      | Killed Terence
  2005 | D:3      | Found a white marble altar of Elyvilon.
  2057 | D:3      | Found a basalt altar of Yredelemnul.
  2220 | D:4      | Got an ichor-stained ring mail
  2232 | D:4      | Identified the cursed +1 ring mail "Tyfamp" {rF+ Int+5}
                  | (You found it on level 4 of the Dungeon)
  2554 | D:4      | Reached XP level 7. HP: 66/66 MP: 5/5
  2593 | D:4      | Reached skill level 1 in Evocations
  2646 | D:4      | Reached skill level 7 in Axes
  2975 | D:5      | Entered Level 5 of the Dungeon
  3262 | D:5      | Reached skill level 5 in Fighting
  3364 | D:5      | Reached XP level 8. HP: 52/74 MP: 7/7
  3432 | D:5      | Reached skill level 8 in Axes
  3654 | D:5      | Found Laoron's Book Shoppe.
  3948 | D:6      | Reached skill level 5 in Shields
  4036 | D:6      | Reached skill level 9 in Axes
  4340 | D:6      | Found a snail-covered altar of Cheibriados.
  4679 | D:7      | Found a staircase to the Ecumenical Temple.
  4727 | Temple   | Entered the Ecumenical Temple
  4766 | Temple   | Became a worshipper of Makhleb the Destroyer
  4959 | D:7      | Noticed Dowan
  4961 | D:7      | Noticed Duvessa
  4976 | D:7      | Killed Duvessa
  4976 | D:7      | Reached skill level 1 in Invocations
  4976 | D:7      | Gained mutation: You passively map the area around you.
                  | [Deep Dwarf growth]
  4976 | D:7      | Reached XP level 9. HP: 34/82 MP: 6/6
  4980 | D:7      | Killed Dowan
  5035 | D:7      | Noticed Prince Ribbit
  5075 | D:7      | Killed Prince Ribbit
  5075 | D:7      | Reached skill level 10 in Axes
  5281 | D:8      | Noticed Maurice
  5328 | D:8      | Paralysed by something for 3 turns
  5348 | D:8      | Paralysed by something for 7 turns
  5471 | D:8      | Reached * piety under Makhleb
  6176 | D:8      | Reached skill level 11 in Axes
  6267 | D:8      | Quit the game

Skill      XL: |  1  2  3  4  5  6  7  8  9 |
---------------+----------------------------+-----
Axes           | 3 4 5 6 7 9 11 | 11.0
Fighting       | 3 4 5 6 |  6.9
Evocations     | 2 3 |  3.9
Armour         | 4 |  4.2
Shields        | 4 5 7 |  7.0
Invocations    | 1 3 |  3.9

Action                   |  1- 3 |  4- 6 |  7- 9 || total
-------------------------+-------+-------+-------++-------
Melee: War axe           |    82 |   235 |   518 ||   835
 Fire: Hunting sling     |       |    22 |    81 ||   103
Throw: Throwing net      |       |       |     4 ||     4
 Abil: Heal Wounds       |       |     5 |    14 ||    19
Evoke: Wand              |       |       |     2 ||     2
  Use: Scroll            |       |     1 |    10 ||    11
  Eat: Chunk             |       |     6 |    30 ||    36
Armor: Scale mail        |    18 |       |       ||    18
       Chain mail        |    41 |   121 |   178 ||   340
       Ring mail         |       |    14 |    68 ||    82
Dodge: Dodged            |    32 |    44 |    66 ||   142
Block: Shield            |    54 |   116 |       ||   170
       Large shield      |       |    18 |   426 ||   444
